 Dungeon Crawl Stone Soup version 0.31.0-12-g77e489cdc1 (webtiles) character file.

Game seed: 1769973813935525055

11704 Ekaitz the Frost Mage (level 11, 0/81 HPs)
             Began as a Demonspawn Ice Elementalist on Feb 15, 2024.
             Was a Priest of Sif Muna.
             Slain by an ice beast (4 damage)
             ... summoned by an ice statue
             ... in an ice cave.
             The game lasted 00:46:32 (9139 turns).

Ekaitz the Frost Mage (Demonspawn Ice Elementalist) Turns: 9139, Time: 00:46:32

Health: 0/81       AC:  2    Str:  8    XL:     11   Next: 52%
Magic:  9/20       EV: 15    Int: 18    God:    Sif Muna [***...]
Gold:   301        SH:  0    Dex: 16    Spells: 9/23 levels left

rFire   x . .        U - +5 short sword
rCold   + + .        (no shield)
rNeg    . . .        L - +1 robe {Will+}
rPois   .            (helmet restricted)
rElec   .            m - +0 cloak
rCorr   .            G - +0 pair of gloves
SInv    .            B - +0 pair of boots
Will    +....        X - amulet of magic regeneration
Stlth   +++          p - ring of protection from cold
HPRegen 0.33/turn    A - ring of ice
MPRegen 0.74/turn

%: no passive effects
@: engulfed (cannot breathe), corroded
A: antennae 2, repulsion field 1, magic regeneration, demonic magic 1
a: Renounce Religion, Channel Magic, Forget Spell


You were in an ice cave.
You worshipped Sif Muna.
Sif Muna was most pleased with you.
You visited 3 branches of the dungeon, and saw 11 of its levels.
You also visited: Ice Cave.

You collected 588 gold pieces.
You spent 287 gold pieces at shops.

Inventory:

Hand Weapons
 c - a +1 short sword of flaming
 y - the +3 sling "Ylakodov" {elec, rPois Will++ Dex-5}
   (You took it off an orc on level 3 of the Dungeon)

   Dex-5:     It affects your dexterity (-5).
   rPois:     It protects you from poison Will++: It greatly increases your
   willpower.
 D - a +0 short sword of venom
 U - a +5 short sword (weapon)
 V - a +0 falchion of flaming
 W - a +2 dagger of electrocution
Armour
 m - a +0 cloak (worn)
 B - a +0 pair of boots (worn)
 G - a +0 pair of gloves (worn)
 L - a +1 robe of willpower (worn)
 Z - a +0 troll leather armour
Jewellery
 h - a ring of magical power
 p - a ring of protection from cold (left hand)
 A - a ring of ice (right hand)
 J - a ring of flight
 X - an amulet of magic regeneration (around neck)
Wands
 a - a wand of flame (5)
 t - a wand of quicksilver (13)
Scrolls
 e - 3 scrolls of enchant weapon
 f - 4 scrolls of teleportation
 l - 4 scrolls of identify {unknown}
 n - a scroll of summoning {unknown}
 s - 3 scrolls of blinking {unknown}
 w - a scroll of fog {unknown}
 x - 2 scrolls of vulnerability {unknown}
 M - a scroll of silence {unknown}
 O - a scroll of enchant armour {unknown}
 P - 3 scrolls of immolation {unknown}
 Q - a scroll of revelation {unknown}
 Y - a scroll of amnesia {unknown}
Potions
 b - a potion of magic
 d - 7 potions of might {unknown}
 g - 3 potions of degeneration {unknown}
 j - 6 potions of heal wounds
 k - a potion of haste {unknown}
 o - 5 potions of curing
 q - 2 potions of attraction {unknown}
 r - 2 potions of brilliance {unknown}
 u - 4 potions of resistance
 z - 3 potions of enlightenment
 I - a potion of berserk rage {unknown}


   Skills:
 * Level 6.1 Fighting
 + Level 2.8 Short Blades
 + Level 2.7 Dodging
 + Level 6.5 Stealth
 + Level 6.6 Spellcasting
 * Level 4.4 Conjurations
 * Level 5.7 Summonings
 * Level 5.2 Translocations
 * Level 9.2 Ice Magic
 * Level 6.6 Invocations


You had 9 spell levels left.
You knew the following spells:

 Your Spells              Type           Power      Damage    Failure   Level
a - Freeze                Ice            100%       1d10      1%          1
b - Frozen Ramparts       Ice            100%       1d16      1%          3
c - Summon Ice Beast      Ice/Summ       49%        N/A       1%          3
d - Ozocubu's Armour      Ice            56%        N/A       1%          3
e - Momentum Strike       Conj/Tloc      46%        3d9       2%          2
k - Blink                 Tloc           48%        N/A       1%          2

Your spell library contained the following spells:

 Spells                   Type           Power      Damage    Failure   Level
 Lesser Beckoning         Tloc           48%        N/A       1%          2
 Slow                     Hex            20%        N/A       12%         1
 Passage of Golubria      Tloc           24%        N/A       13%         4
 Cigotuvi's Dreadful Rot  Necr/Alch/Air  10%        N/A       17%         2
 Confusing Touch          Hex            5%         N/A       34%         3
 Sigil of Binding         Hex            5%         N/A       34%         3
 Tukima's Dance           Hex            5%         N/A       34%         3
 Vampiric Draining        Necr           5%         2d6       34%         3
 Martyr's Knell           Necr/Summ      16%        N/A       34%         4
 Dispel Undead            Necr           5%         3d7       75%         4
 Yara's Violent Unravell  Hex/Alch       2%         3d3       97%         5
 Death Channel            Necr           2%         N/A       100%        6


Dungeon Overview and Level Annotations

Branches:
Dungeon (9/15)             Temple (1/1) D:5            Lair (1/5) D:8
  IceCv (1/1)
    Orc: D:9-12

Altars:
Ashenzari
Cheibriados
Dithmenos
Fedhas
Gozag
Hepliaklqana
Kikubaaqudgha
Makhleb
Nemelex Xobeh
Okawaru
Qazlal
Ru
Sif Muna
Trog
Uskayaw
Vehumet
Wu Jian
Xom
Yredelemnul

Shops:
D:8 (   D:9 *

Annotations:
D:6 2 transporters IceCv exclusion: 3 ice statues


Innate Abilities, Weirdness & Mutations

You have a pair of antennae on your head.
You are surrounded by a mild repulsion field. (EV +2)
You regenerate magic rapidly.
Spells you cast may paralyse adjacent enemies.


Message History

You barely miss the quicksilver ooze.
The quicksilver ooze is lightly wounded.
The ice beast completely resists.
The wall freezes the ice beast but does no damage.
The ice beast hits you but does no damage.
The ice beast completely resists.
The wall freezes the ice beast but does no damage. x2
The ice beast hits you but does no damage.
The quicksilver ooze is engulfed in freezing vapours.
The wall freezes the quicksilver ooze!
The quicksilver ooze hits you! The quicksilver ooze engulfs you!
The quicksilver ooze barely misses you.
The ice statue completely resists.
The wall freezes the ice statue but does no damage.
The ice statue gestures at you.
The freezing blast engulfs you but does no damage.
Unknown command.
You cannot cast spells while unable to breathe!
Your icy armour cracks and falls away as you move.
The frozen ramparts melt away as you move.
Acid dripping from the walls corrodes you.
Your lungs strain for air!
Your ice beast hits the ice beast but does no damage.
The quicksilver ooze is engulfed in freezing vapours.
The quicksilver ooze misses you. The quicksilver ooze hits you!
You feel your power leaking away. The ice beast closely misses you.
The ice beast hits you but does no damage.
The ice statue gestures at you. The bolt of cold misses you.
Unknown command.
You hit the ice beast but do no damage.
* * * LOW HITPOINT WARNING * * *
Your lungs strain for air!
The quicksilver ooze is engulfed in freezing vapours.
The quicksilver ooze hits you!!
* * * LOW HITPOINT WARNING * * *
The quicksilver ooze barely misses you.
Your ice beast closely misses the ice beast.
The ice beast hits you.
You die...

#.......# ...##
#.......##
#...###...#....##
#..Z.##..##.#...#
....##..##.##..##
#...##..##[[##..#
#...##...#[).#..#
#8JY....##..##.##
#○@##....#..##..#
{
#YY####..##..#..#
#Y.#
#...#8.##.### {
#..# ##..# #..##
#..## #..# #....
##..# ##..# #..##
#..###..## ##.###
#...##..# #..#
#...#...# ##..#


You could see an ice statue, a quicksilver ooze, 3 ice beasts, a slime creature
simulacrum and a friendly ice beast (summoned).

Vanquished Creatures
  A komodo dragon (Lair:1)
  A troll (D:9)
  2 hornets (D:9)
  7 slime creatures (IceCv)
  3 wyverns
  A basilisk (Lair:1)
  15 yaks
  2 steam dragons
  A death yak simulacrum (Lair:1)
  2 great orb of eyes simulacra (IceCv)
  7 water moccasins
  2 orc warriors
  A sky beast (D:6)
  4 black bears
  An ice beast (D:6)
  3 centaurs
  7 wolves (Lair:1)
  2 slime creature simulacra (IceCv)
  Blork the orc (D:4)
  4 bullfrogs
  3 scorpions
  A cane toad simulacrum (Lair:1)
  3 glowing shapeshifter simulacra (IceCv)
  16 wights
  5 killer bees (D:8)
  3 howler monkeys
  A bombardier beetle (D:4)
  The ghost of GrumpyGrim72 the Conjurer, a weakling DECj (D:3)
  A jelly (D:6)
  4 hounds
  9 orc priests
  A sleepcap (D:6)
  4 iguanas
  11 orc wizards
  4 shapeshifter simulacra (IceCv)
  Robin (D:2)
  3 gnolls
  5 adders
  A shadow imp (D:5)
  A white imp (D:7)
  An ufetubus (D:5)
  5 dart slugs
  A ribbon worm (D:2)
  30 orcs
  6 endoplasms
  3 giant cockroaches
  14 goblins
  7 hobgoblins
  3 jackals (D:4)
  3 quokkas
  7 ball pythons
  3 bats
  3 frilled lizards
  11 kobolds
  7 rats
249 creatures vanquished.

Vanquished Creatures (collateral kills)
  A komodo dragon (Lair:1)
  Eustachio (D:4)
  A yak (Lair:1)
  A wolf (Lair:1)
  A glowing shapeshifter simulacrum (IceCv)
  A scorpion (D:4)
  An iguana (D:5)
  A shapeshifter simulacrum (IceCv)
  3 gnolls
  An ufetubus (D:5)
  5 orcs
17 creatures vanquished.

Vanquished Creatures (others)
  A yak (Lair:1)
1 creature vanquished.

Grand Total: 267 creatures vanquished

Notes
Turn   | Place    | Note
-------+----------+-------------------------------------------
     0 | D:1      | Ekaitz the Demonspawn Ice Elementalist began the quest for
                  | the Orb.
     0 | D:1      | Reached XP level 1. HP: 13/13 MP: 3/3
   267 | D:1      | Reached skill level 4 in Ice Magic
   267 | D:1      | Gained mutation: Spells you cast may paralyse adjacent
                  | enemies. [demonic ancestry]
   267 | D:1      | Reached XP level 2. HP: 18/19 MP: 0/5
   466 | D:1      | You fall into a shaft and drop 1 floor!
   742 | D:2      | Gained mutation: You have a pair of small antennae on your
                  | head. [demonic ancestry]
   742 | D:2      | Reached XP level 3. HP: 22/25 MP: 6/6
   746 | D:2      | Learned a level 3 spell: Frozen Ramparts
   767 | D:2      | Found a hazy altar of Hepliaklqana.
   955 | D:2      | Reached XP level 4. HP: 31/31 MP: 7/7
  1003 | D:2      | Noticed Robin
  1012 | D:2      | Killed Robin
  1013 | D:2      | Reached skill level 1 in Fighting
  2232 | D:3      | Found a runed translucent gate.
  2232 | D:3      | Noticed GrumpyGrim72's ghost (weakling DECj)
  2233 | D:3      | Found a runed translucent gate.
  2233 | D:3      | Found a runed translucent gate.
  2234 | D:3      | Identified the +3 sling "Ylakodov" {elec, rPois Will++
                  | Dex-5}
  2234 | D:3      | Identified the +3 ring mail of the Lotus Blossom {Str+4
                  | Int+3}
  2459 | D:3      | Reached XP level 5. HP: 37/37 MP: 8/8
  2470 | D:3      | Learned a level 3 spell: Summon Ice Beast
  2537 | D:3      | Reached skill level 5 in Ice Magic
  2631 | D:3      | Learned a level 2 spell: Blink
  2810 | D:3      | Found a faded altar of an unknown god.
  2884 | D:3      | Killed GrumpyGrim72's ghost
  3007 | D:4      | Noticed Blork the orc
  3014 | D:4      | Killed Blork the orc
  3015 | D:4      | Reached skill level 1 in Summonings
  3015 | D:4      | Reached XP level 6. HP: 44/44 MP: 10/10
  3238 | D:4      | Reached skill level 1 in Short Blades
  3238 | D:4      | Reached skill level 1 in Translocations
  3352 | D:4      | Noticed Eustachio
  3365 | D:4      | Killed Eustachio
  3366 | D:4      | Gained mutation: You are surrounded by a mild repulsion
                  | field. (EV +2) [demonic ancestry]
  3366 | D:4      | Reached XP level 7. HP: 44/50 MP: 10/11
  3856 | D:5      | Entered Level 5 of the Dungeon
  3906 | D:5      | Reached skill level 6 in Ice Magic
  4039 | D:5      | Noticed a yak
  4039 | D:5      | Noticed a yak
  4059 | D:5      | Killed a yak
  4083 | D:5      | Noticed a yak
  4090 | D:5      | Noticed a yak
  4091 | D:5      | Noticed a yak
  4095 | D:5      | Killed a yak
  4096 | D:5      | Reached XP level 8. HP: 46/58 MP: 13/13
  4193 | D:5      | Found a staircase to the Ecumenical Temple.
  4202 | Temple   | Entered the Ecumenical Temple
  4221 | Temple   | Became a worshipper of Sif Muna the Loreminder
  4727 | D:6      | Reached skill level 7 in Ice Magic
  4727 | D:6      | Reached skill level 1 in Invocations
  4895 | D:6      | Gained mutation: You regenerate magic rapidly. [demonic
                  | ancestry]
  4895 | D:6      | Reached XP level 9. HP: 60/65 MP: 15/15
  4932 | D:6      | Found a transporter.
  5143 | D:6      | Found a shimmering altar of Xom.
  5144 | D:6      | Found a hazy altar of Hepliaklqana.
  5144 | D:6      | Noticed a hell beast
  5145 | D:6      | Noticed a spectral ugly thing
  5145 | D:6      | Noticed a hell beast
  5272 | D:6      | Learned a level 3 spell: Ozocubu's Armour
  5275 | D:6      | Learned a level 2 spell: Momentum Strike
  5562 | D:6      | Reached * piety under Sif Muna
  5576 | D:6      | Found a transporter.
  5838 | D:7      | Reached skill level 5 in Stealth
  5840 | D:7      | Reached skill level 1 in Conjurations
  6525 | D:8      | Gained mutation: You have a pair of antennae on your head.
                  | [demonic ancestry]
  6525 | D:8      | Reached XP level 10. HP: 67/73 MP: 17/17
  6545 | D:8      | Found a staircase to the Lair.
  6574 | D:8      | Reached skill level 8 in Ice Magic
  6653 | D:8      | Noticed a +0 demon blade
  6656 | D:8      | Found Qocupsoi's Weapon Shoppe.
  6658 | D:8      | Noticed a +0 quick blade
  6671 | D:8      | Reached ** piety under Sif Muna
  6837 | D:8      | Reached skill level 5 in Spellcasting
  6866 | D:8      | Reached skill level 5 in Invocations
  7474 | D:9      | Reached skill level 5 in Fighting
  7751 | D:9      | Found Dakor Sal's General Store.
  7754 | D:9      | Bought a potion of curing for 42 gold pieces
  7754 | D:9      | Bought a potion of heal wounds for 70 gold pieces
  7754 | D:9      | Bought a potion of enlightenment for 70 gold pieces
  7754 | D:9      | Bought a scroll of enchant weapon for 105 gold pieces
  7992 | Lair:1   | Entered Level 1 of the Lair of Beasts
  8001 | Lair:1   | Reached skill level 5 in Summonings
  8115 | Lair:1   | Reached *** piety under Sif Muna
  8116 | Lair:1   | Reached XP level 11. HP: 62/80 MP: 20/20
  8121 | Lair:1   | Reached skill level 5 in Translocations
  8287 | Lair:1   | Reached skill level 9 in Ice Magic
  8311 | Lair:1   | Found a frozen archway.
  8455 | IceCv    | Entered an ice cave
  9131 | IceCv    | Noticed a quicksilver ooze
  9139 | IceCv    | HP: 4/81 [quicksilver ooze (19)]
  9139 | IceCv    | Slain by an ice beast

Illustrated notes

Levels and vault maps discovered:
D:1:      ncdulo_halloftheorcs, layout_loops_ring, serial_co_window_serial,
          co_window_paths_b, co_window_paths_b, co_window_paths_b,
          co_window_of_opportunity_a, co_window_corner_a, co_window_broadway_a,
          co_window_2corner, co_window_corner_cb, co_window_broadway_c,
          co_window_paths_e, glass_columns_c, glass_columns_a
D:2:      layout_basic, basic_altar, minmay_heptomino_h4, uniq_robin
D:3:      layout_loops_ring, biasface_ghost_orc_armoury,
          hellmonk_ecumenical_altar_heavens_door
D:4:      layout_basic, uniq_eustachio, uniq_blork_the_orc
D:5:      layout_cave_pools, minmay_temple_entry_waves,
          kennysheep_generic_room_9
D:6:      gammafunk_cloud_chamber, layout_gridville,
          regret_index_temple_of_mockery
D:7:      layout_rooms
D:8:      layout_loops_cross, due_lair_maze_entry_diamond, serial_shops,
          nicolae_shop_mannequins
D:9:      layout_rooms, serial_shops, nicolae_shop_behind_doors
Temple:   nicolae_temple_slightly_damp_pantheon
Lair:1:   layout_cellular_growth, portal_ice_cave_entry_ice_simulacra,
          grunt_megastairs_3
IceCv:    ice_cave_hellmonk_azure_passage

Skill      XL: |  1  2  3  4  5  6  7  8  9 10 11 |
---------------+----------------------------------+-----
Ice Magic      | 4 5 6 7 8 9 |  9.2
Stealth        | 2 3 4 5 6 |  6.5
Fighting       | 1 2 3 4 5 6 |  6.1
Dodging        | 2 |  2.7
Summonings     | 1 2 3 4 5 |  5.7
Short Blades   | 1 2 |  2.8
Spellcasting   | 3 4 6 |  6.6
Translocations | 1 2 3 4 5 |  5.2
Invocations    | 1 4 5 6 |  6.6
Conjurations   | 2 3 4 |  4.4

Action                     |  1- 3 |  4- 6 |  7- 9 | 10-12 || total
---------------------------+-------+-------+-------+-------++-------
  Melee: Short sword       |    19 |    39 |   102 |   148 ||   308
         Punch             |       |       |       |     1 ||     1
   Cast: Freeze            |    29 |    56 |    76 |    76 ||   237
         Frozen Ramparts   |     1 |     8 |    14 |    31 ||    54
         Summon Ice Beast  |       |     3 |    12 |    13 ||    28
         Blink             |       |       |     1 |       ||     1
         Ozocubu's Armour  |       |       |     5 |    30 ||    35
         Momentum Strike   |       |       |     2 |    15 ||    17
  Evoke: Wand              |       |       |       |     3 ||     3
    Use: Scroll            |       |       |       |     2 ||     2
   Stab: Paralysed         |     3 |    14 |    38 |    52 ||   107
         Sleeping          |     1 |     5 |     5 |     5 ||    16
         Distracted        |       |       |       |     4 ||     4
 Armour: Robe              |    14 |    19 |    48 |    99 ||   180
  Dodge: Dodged            |    27 |    37 |   116 |   147 ||   327
